 Dungeon Crawl Stone Soup version 0.16.1-51-g6203257 (webtiles) character file.

1424 teebee the Carver (level 8, 0/77 HPs)
             Began as a Hill Orc Fighter on Aug 11, 2015.
             Was a Believer of Okawaru.
             Succumbed to a killer bee's poison
             ... on level 8 of the Dungeon.
             The game lasted 00:16:04 (4739 turns).

teebee the Carver (Hill Orc Fighter)                Turns: 4739, Time: 00:16:04

Health: 0/77       AC: 15    Str: 24    XL:     8   Next: 72%
Magic:  8/8        EV:  7    Int:  8    God:    Okawaru [**....]
Gold:   364        SH:  0    Dex: 11    Spells: 0 memorised, 7 levels left

rFire  . . .     SeeInvis .     z - +7 falchion of Context {flame, Str+4}
rCold  + . .     Clarity  .     v - +0 plate armour
rNeg   + . .     SustAb   .     (no shield)
rPois  .         Gourm    .     (no helmet)
rElec  .         Spirit   .     (no cloak)
rCorr  .         Warding  .     i - +2 pair of gloves
rMut   .         Stasis   .     (no boots)
MR     .....                    (no amulet)
Stlth  ..........               B - ring of protection from cold
                                g - ring of positive energy

@: lethally poisoned (0 -> -16), not resistant to hostile enchantments,
extremely unstealthy
A: rugged brown scales 1
a: Heroism, Renounce Religion


You were on level 8 of the Dungeon.
You worshipped Okawaru.
Okawaru was pleased with you.
You were full.

You visited 1 branch of the dungeon, and saw 6 of its levels.

You collected 364 gold pieces.

Inventory:

Hand weapons
 a - a +0 long sword
 z - the +7 falchion of Context (weapon) {flame, Str+4}
   (You found it on level 6 of the Dungeon)

   It has been specially enchanted to burn those struck by it, causing extra
   injury to most foes and up to half again as much damage against particularly
   susceptible opponents.
   Big, fiery blades are also staple armaments of hydra-hunters.
   It affects your strength (+4).
 D - a +0 shortbow
Missiles
 s - 45 arrows
 C - 20 sling bullets
Armour
 b - a +0 scale mail
 c - a +0 shield
 i - a +2 pair of gloves (worn)
 l - the +0 scale mail "Jyoggi" {rPois MR+ MP+9 Slay-4 SInv}
   (You found it on level 6 of the Dungeon)

   It affects your accuracy and damage with ranged weapons and melee attacks
   (-4).
   It protects you from poison.
   It affects your resistance to hostile enchantments.
   It affects your magic capacity (+9).
   It enhances your eyesight.
 q - a +0 chain mail
 v - a +0 plate armour (worn)
Jewellery
 g - a ring of positive energy (left hand)
 t - an uncursed ring of protection from magic
 B - a ring of protection from cold (right hand)
Magical devices
 e - a wand of magic darts (10)
 y - a wand of polymorph (6)
 A - a wand of flame (25)
Scrolls
 f - 2 scrolls of remove curse
 j - 4 scrolls of teleportation
 p - 2 scrolls of enchant armour {unknown}
 r - 3 scrolls of fear
 u - 3 scrolls of enchant weapon
Potions
 h - 2 potions of brilliance
 m - a potion of ambrosia
Books
 w - a book of the Tempests

   Spells                             Type                      Level
   a - Static Discharge               Conjuration/Air              3
   b - Lightning Bolt                 Conjuration/Air              5
   c - Fireball                       Conjuration/Fire             5
   d - Tornado                        Air                          9
   e - Shatter                        Earth                        9
 E - a book of Fire

   Spells                             Type                      Level
   a - Ignite Poison                  Fire/Transmutation           5
   b - Fireball                       Conjuration/Fire             5
   c - Bolt of Fire                   Conjuration/Fire             6
   d - Delayed Fireball               Conjuration/Fire             7
   e - Ring of Flames                 Charms/Fire                  7
Comestibles
 d - 2 meat rations
 n - 3 fruits
 o - 2 bread rations
 x - a beef jerky


   Skills:
 * Level 8.7 Fighting
 * Level 8.9 Long Blades
 - Level 3.2 Armour
 - Level 1.1 Dodging
 - Level 0.3 Stealth
 - Level 3.2 Shields


You had 7 spell levels left.
You didn't know any spells.

Dungeon Overview and Level Annotations

Branches:
Dungeon (8/15)             Temple (0/1) D:7
   Lair: D:8-11

Altars:
Ashenzari
Elyvilon
Fedhas
Gozag
Nemelex Xobeh
Okawaru
Qazlal
Ru
Trog
Yredelemnul
Zin
The Shining One


Innate Abilities, Weirdness & Mutations

You are partially covered in rugged brown scales (AC +1, +3% HP).


Message History

Okawaru is pleased with you.
You offer a prayer to Okawaru.
Okawaru is pleased with you.
Put on which piece of jewellery? (? for menu, Esc to quit)
t - a ring of protection from magic (right hand)
* * * LOW HITPOINT WARNING * * *
You feel sick.
Remove which piece of jewellery? (? for menu, Esc to quit)
You remove your ring of protection from magic.
* * * LOW HITPOINT WARNING * * *
You feel sick.
Put on which piece of jewellery? (? for menu, Esc to quit)
B - a ring of protection from cold (right hand)
* * * LOW HITPOINT WARNING * * *
You feel sick.
Eat which item? (? for menu, Esc to quit)
* * * LOW HITPOINT WARNING * * *
You feel sick.
You continue eating.
You die...

....## #..# #.## ##.# .....#
####..# #..###.##
.....###.#...# ##....##
.......##...## ###..#
.....#......# ####
#...######### ### ## #....##
###### ###.#### ##.#
......####....#####......##..#
............<...@†....#......#
.[...######..############..###
........# #### ##.## ....#####
##..# ....#### ###### ##..##
......... ......###..##
(...#### ...........## ....##
#.........# ..#..##
#$._.........#


There were no monsters in sight!

Vanquished Creatures
  An orc warrior (D:8)
  A black bear (D:6)
  An ogre (D:8)
  An ice beast (D:8)
  A wasp (D:8)
  A centaur (D:8)
  A wyvern zombie (D:7)
  4 killer bees (D:8)
  2 scorpions
  3 crimson imps
  A quasit (D:6)
  An orc priest (D:8)
  A worker ant (D:7)
  A gnoll shaman (D:6)
  4 orc wizards (D:8)
  An iguana (D:8)
  Terence (D:3)
  3 gnolls (D:6)
  8 adders
  2 shadow imps
  2 worms
  A giant mite (D:3)
  3 oozes (D:2)
  5 orcs (D:8)
  2 ball pythons
  5 bats
  7 hobgoblins
  2 jackals (D:2)
  2 giant cockroaches
  2 giant gecko zombies
  6 giant newts
  8 goblins
  14 kobolds
  2 quokkas
  A quokka zombie (D:6)
  12 rats
  4 ballistomycetes (D:8)
117 creatures vanquished.

Vanquished Creatures (others)
  A giant spore (D:8)
1 creature vanquished.

Grand Total: 118 creatures vanquished

Notes
Turn   | Place    | Note
--------------------------------------------------------------
     0 | D:1      | teebee, the Hill Orc Fighter, began the quest for the Orb.
     0 | D:1      | Reached XP level 1. HP: 19/19 MP: 1/1
    64 | D:1      | Reached skill level 4 in Fighting
   124 | D:1      | Reached XP level 2. HP: 25/27 MP: 2/2
   824 | D:2      | Found a bloodstained altar of Trog.
   824 | D:2      | Found a glowing golden altar of the Shining One.
   826 | D:2      | Found a glowing silver altar of Zin.
   832 | D:2      | Found a sparkling altar of Nemelex Xobeh.
   836 | D:2      | Found a basalt altar of Yredelemnul.
   841 | D:2      | Found a sacrificial altar of Ru.
   968 | D:2      | Reached XP level 3. HP: 27/34 MP: 3/3
  1070 | D:2      | Reached skill level 5 in Fighting
  1214 | D:2      | Found a white marble altar of Elyvilon.
  1231 | D:2      | Found a blossoming altar of Fedhas.
  1240 | D:2      | Found an iron altar of Okawaru.
  1240 | D:2      | Found a shattered altar of Ashenzari.
  1240 | D:2      | Found an opulent altar of Gozag.
  1240 | D:2      | Found a stormy altar of Qazlal.
  1245 | D:2      | Became a worshipper of Warmaster Okawaru
  1404 | D:2      | Reached XP level 4. HP: 42/42 MP: 4/4
  1440 | D:2      | Gained mutation: You are partially covered in rugged brown scales (AC +1, +3% HP). [potion of beneficial mutation]
  1588 | D:2      | Reached skill level 1 in Dodging
  1998 | D:3      | Reached XP level 5. HP: 44/49 MP: 5/5
  2036 | D:3      | Noticed Terence
  2045 | D:3      | Killed Terence
  2067 | D:3      | You fall through a shaft for 3 floors!
  2312 | D:6      | Got a jewelled falchion
  2606 | D:6      | Reached XP level 6. HP: 30/58 MP: 6/6
  2693 | D:6      | Reached skill level 6 in Fighting
  2693 | D:6      | Reached skill level 5 in Long Blades
  2706 | D:6      | Identified the +7 falchion of Context {flame, Str+4} (You found it on level 6 of the Dungeon)
  2758 | D:6      | Got a pitted scale mail
  2845 | D:6      | Noticed a black bear
  2852 | D:6      | Killed a black bear
  2852 | D:6      | Acquired Okawaru's first power
  3194 | D:7      | Found a staircase to the Ecumenical Temple.
  3456 | D:7      | Reached XP level 7. HP: 63/65 MP: 7/7
  3750 | D:8      | Reached skill level 7 in Fighting
  3973 | D:8      | Reached XP level 8. HP: 69/75 MP: 8/8
  4160 | D:8      | Identified the +0 scale mail "Jyoggi" {rPois MR+ MP+9 Slay-4 SInv} (You found it on level 6 of the Dungeon)
  4511 | D:8      | Reached skill level 8 in Long Blades
  4692 | D:8      | Found an iron altar of Okawaru.
  4736 | D:8      | HP: 3/77 [poisoned by a killer bee]
  4738 | D:8      | HP: 1/77 [poisoned by a killer bee]
  4739 | D:8      | Succumbed to a killer bee's poison

Action                   |  1- 3 |  4- 6 |  7- 9 || total
-------------------------+-------+-------+-------++-------
Melee: Long sword        |   114 |   192 |       ||   306
       Falchion          |       |    17 |   128 ||   145
  Use: Scroll            |     2 |     3 |     5 ||    10
       Potion            |       |     8 |       ||     8
  Eat: Chunk             |     2 |     4 |     1 ||     7
       Bread ration      |       |     1 |       ||     1
       Meat ration       |       |       |     1 ||     1
       Royal jelly       |       |       |     1 ||     1
